 Dungeon Crawl Stone Soup version 0.19.1-1-g22dce08 (webtiles) character file.

369 Faustar the Conjurer (level 6, -1/45 HPs)
             Began as a Draconian Conjurer on Jan 3, 2017.
             Slain by an iguana (12 damage)
             ... on level 4 of the Dungeon.
             The game lasted 00:08:34 (3598 turns).

Faustar the Conjurer (Draconian Conjurer)           Turns: 3598, Time: 00:08:35

Health: -1/45      AC:  6    Str: 10    XL:     6   Next: 41%
Magic:  1/9        EV: 12    Int: 17    God:
Gold:   210        SH:  0    Dex: 12    Spells: 3 memorised, 2 levels left

rFire  . . .     SeeInvis .     d - +2 dagger (elec)
rCold  . . .     Gourm    .     (armour unavailable)
rNeg   . . .     Faith    .     (no shield)
rPois  .         Spirit   .     (helmet restricted)
rElec  .         Reflect  .     (no cloak)
rCorr  .         Harm     .     (no gloves)
MR     .....                    (no boots)
Stlth  ++........               h - amulet of rage
                                (no ring)
                                (no ring)

@: no status effects
A: unfitting armour, cold-blooded, AC +6
a: Evoke Berserk Rage


You were on level 4 of the Dungeon.
You were hungry.

You visited 1 branch of the dungeon, and saw 4 of its levels.
You also visited: Sewer.

You collected 210 gold pieces.

Inventory:

Hand Weapons
 d - a +2 dagger of electrocution (weapon)
 v - a +4 dagger
 x - a +3 spear
 E - a +0 flail of protection
Jewellery
 h - an amulet of rage (around neck)
 q - a cursed -3 ring of evasion {unknown}
 u - an uncursed ring of protection from fire {unknown}
Scrolls
 c - 3 scrolls of teleportation
 e - 4 scrolls of remove curse {unknown}
 f - 6 scrolls of recharging {unknown}
 g - 3 scrolls of identify {unknown}
 i - 2 scrolls of enchant armour {unknown}
 m - a scroll of noise {unknown}
 y - a scroll of blinking {unknown}
 A - a scroll of magic mapping
 C - a scroll of amnesia {unknown}
Potions
 j - a potion of might {unknown}
 k - a potion of curing
 l - a potion of lignification {unknown}
 n - a potion of haste {unknown}
 o - a potion of berserk rage {unknown}
 p - a potion of beneficial mutation {unknown}
 r - a potion of invisibility {unknown}
 t - 3 potions of heal wounds {unknown}
 w - 4 potions of brilliance {unknown}
 z - 2 potions of agility {unknown}
Books
 a - a book of Conjurations

   Spells                             Type                      Level
   a - Magic Dart                     Conjuration                  1
   b - Searing Ray                    Conjuration                  2
   c - Dazzling Spray                 Conjuration/Hexes            3
   d - Fulminant Prism                Conjuration/Hexes            4
   e - Iskenderun's Mystic Blast      Conjuration                  4
   f - Iskenderun's Battlesphere      Conjuration/Charms           5
Comestibles
 b - 3 bread rations
 s - 2 meat rations
 B - a royal jelly


   Skills:
 - Level 1.7 Dodging
 - Level 1.7 Stealth
 - Level 2.0 Spellcasting
 - Level 6.8 Conjurations
 + Level 3.2 Hexes


You had 2 spell levels left.
You knew the following spells:

 Your Spells              Type           Power        Failure   Level  Hunger
a - Magic Dart            Conj           ###.         1%          1    #......
b - Searing Ray           Conj           ###...       1%          2    ###....
c - Fulminant Prism       Conj/Hex       ###.......   24%         4    #####..


Dungeon Overview and Level Annotations

Branches:
Dungeon (4/15)
 Temple: D:4-7

Altars:
Okawaru
Qazlal

Annotations:
D:4 cuckmaster's ghost, novice HaHu


Innate Abilities, Weirdness & Mutations

Your plain brown scales are hard. (AC +6)
You cannot fit into any form of body armour.
You are cold-blooded and may be slowed by cold attacks.


Message History

You feel sick.
Casting: Magic Dart
Confirm with . or Enter, or press ? or * to list all spells.
Aiming: Searing Ray
Press: ? - help, Shift-Dir - straight line, f - iguana
Aim: an iguana The searing ray hits the iguana.
The iguana is moderately wounded.
You feel sick. The iguana closely misses you.
The searing ray hits the iguana.
The iguana is heavily wounded.
You feel sick. The iguana bites you!
Without enough magic to sustain it, your searing ray dissipates.
You feel sick. The iguana bites you!
* * * LOW HITPOINT WARNING * * *
You feel better. The iguana barely misses you.
You closely miss the iguana.
The iguana is heavily wounded.
The iguana bites you!
You die...

..........#..........##.
#.#.#.#.#...............
........................
#.#.#)#<#......W<.......
.........#.#............
#?#.#.#.##..<####.......
.........###............
#.#.#.#l## ######.......
........@# #......
#.#.#)#.## %.....
......... ......
#.#.#.#.# ...?.....
#.#.# #.# ...$ ... .# #.


You could see an iguana.

Vanquished Creatures
  A scorpion (D:4)
  Jessica (D:3)
  Natasha (thrice) (D:2)
  An orc wizard (D:4)
  A worker ant (D:4)
  Robin (D:3)
  2 adders
  5 river rats (Sewer)
  2 worms (D:2)
  A leopard gecko (D:3)
  2 orcs
  6 bats
  5 giant cockroaches
  16 goblins
  7 hobgoblins
  9 kobolds
  3 quokkas
  A ball python (Sewer)
  11 frilled lizards
  22 rats
100 creatures vanquished.

Vanquished Creatures (others)
  A fulminant prism (D:4)
1 creature vanquished.

Grand Total: 101 creatures vanquished

Notes
Turn   | Place    | Note
-------+----------+-------------------------------------------
     0 | D:1      | Faustar the Draconian Conjurer began the quest for the Orb.
     0 | D:1      | Reached XP level 1. HP: 14/14 MP: 3/3
   225 | D:1      | Reached XP level 2. HP: 12/20 MP: 5/5
   849 | D:2      | Reached skill level 5 in Conjurations
   849 | D:2      | Reached XP level 3. HP: 17/26 MP: 6/6
  1361 | D:2      | Noticed Natasha
  1369 | D:2      | Killed Natasha
  1369 | D:2      | Reached XP level 4. HP: 29/33 MP: 7/7
  1371 | D:2      | Noticed Natasha
  1373 | D:2      | Learned a level 2 spell: Searing Ray
  1377 | D:2      | Killed Natasha
  1483 | D:2      | Reached skill level 6 in Conjurations
  1582 | D:2      | Noticed Natasha
  1585 | D:2      | Killed Natasha
  1662 | D:3      | Found an iron altar of Okawaru.
  1820 | D:3      | Noticed Robin
  1830 | D:3      | Reached XP level 5. HP: 38/38 MP: 8/8
  1839 | D:3      | Killed Robin
  1928 | D:3      | Found a glowing drain.
  1935 | Sewer    | Entered a sewer
  2214 | Sewer    | Learned a level 4 spell: Fulminant Prism
  2454 | Sewer    | Reached skill level 1 in Hexes
  2766 | D:3      | Found a stormy altar of Qazlal.
  3159 | D:3      | Noticed Jessica
  3165 | D:3      | Killed Jessica
  3309 | D:4      | Reached XP level 6. HP: 45/45 MP: 2/9
  3314 | D:4      | Noticed cuckmaster's ghost (novice HaHu)
  3598 | D:4      | Slain by an iguana

Skill      XL: |  1  2  3  4  5  6 |
---------------+-------------------+-----
Conjurations   | 5 6 |  6.8
Hexes          | 2 3 |  3.2
Dodging        | |  1.7
Stealth        | |  1.7
Spellcasting   | |  2.0

Action                   |  1- 3 |  4- 6 || total
-------------------------+-------+-------++-------
Melee: Dagger            |    83 |   105 ||   188
       Tailslap          |     7 |     8 ||    15
 Cast: Magic Dart        |     2 |    11 ||    13
       Searing Ray       |       |    10 ||    10
       Fulminant Prism   |       |     1 ||     1
  Use: Scroll            |       |     2 ||     2
       Potion            |       |     2 ||     2
 Stab: Distracted        |     2 |       ||     2
       Sleeping          |     3 |     5 ||     8
  Eat: Chunk             |     1 |     8 ||     9
Armor: Skin              |     9 |    23 ||    32
Dodge: Dodged            |    38 |    56 ||    94
